 Dungeon Crawl Stone Soup version 0.27-a0-1137-g3ef0f4ec91 (webtiles) character file.

Game seed: 18439466543549344106

36 leviel the Shield-Bearer (level 3, -7/29 HPs)
             Began as a Human Fighter on May 6, 2021.
             Mangled by a kobold
             ... wielding a +1 whip of electrocution
              (18 damage)
             ... on level 1 of the Dungeon.
             The game lasted 00:00:39 (794 turns).

leviel the Shield-Bearer (Human Fighter)             Turns: 794, Time: 00:00:40

Health: -7/29      AC:  6    Str: 17    XL:     3   Next: 57%
Magic:  3/3        EV:  7    Int:  8    God:
Gold:   73         SH:  9    Dex: 12    Spells: 2/2 levels left

rFire    . . .     SeeInvis .   a - +0 war axe
rCold    . . .     Faith    .   c - +0 kite shield
rNeg     . . .     Spirit   .   b - +0 scale mail
rPois    .         Reflect  .   (no helmet)
rElec    .         Harm     .   (no cloak)
rCorr    .         Rampage  .   (no gloves)
Will     .....                  (no boots)
Stlth    ..........             (no amulet)
HPRegen  0.09/turn              (no ring)
MPRegen  0.08/turn              (no ring)

@: no status effects
A: no striking features
a: no special abilities


You were on level 1 of the Dungeon.
You visited 1 branch of the dungeon, and saw 1 of its levels.

You collected 73 gold pieces.

Inventory:

Hand Weapons
 a - a +0 war axe (weapon)
Armour
 b - a +0 scale mail (worn)
 c - a +0 kite shield (worn)
Scrolls
 f - a scroll of identify {unknown}
Potions
 d - a potion of might
 e - a potion of mutation {unknown}
 g - a potion of ambrosia {unknown}
 h - a potion of heal wounds {unknown}


   Skills:
 + Level 3.0 Fighting
 + Level 2.4 Axes
 + Level 3.1 Armour
 + Level 0.3 Dodging
 + Level 3.8 Shields


You had 2 spell levels left.
You didn't know any spells.
Your spell library was empty.

Dungeon Overview and Level Annotations

Branches:
Dungeon (1/15)

Altars:


Message History

No target in view!
No target in view!
You now have 73 gold pieces (gained 12).
You see here a bat corpse.
A kobold comes into view. It is wielding a +0 whip.
The kobold shouts!
A kobold is nearby!
A kobold is nearby!
A kobold is nearby!
Found a ring mail.
A kobold comes into view.
It is wielding a +1 whip of electrocution.
The kobold shouts!
A dart slug comes into view.
You block the kobold's attack.
Found a scroll labelled LIUMU BAJU.
You closely miss the kobold.
A bat comes into view.
The kobold closely misses you.
You closely miss the kobold. You block the kobold's attack.
The bat barely misses you. The kobold completely misses you.
The kobold closely misses you.
You hit the kobold.
You kill the kobold!
You hit the bat.
You kill the bat!
You barely miss the kobold.
The kobold hits you with a +1 whip of electrocution.
You are electrocuted!
You completely miss the kobold.
The kobold hits you with a +1 whip of electrocution.
The kobold closely misses you.
You barely miss the kobold.
Your scale mail prevents you from hitting the dart slug.
The kobold hits you but does no damage. The dart slug launches a dart at you.
The slug dart hits you. The kobold closely misses you.
You closely miss the kobold. You hit the dart slug.
The kobold hits you but does no damage.
You are electrocuted!!
Ouch! That really hurt!
You die...

... #.#...# ?##.. ♣≈
.##.#...##..... ♣≈
..[............ ###P
#..........#.. #.##
.#..#........ #<.'
...........# .# # #.##
......)Kw..# ..# #. ###P
.......@...##..###.. #≈≈
##..................##≈≈
#.###.....$............
###..................
###+#....................
.........†##.#.########..
..........# .# # #..
[......)..# # #..
##+#+#...# #..


You could see a dart slug and a kobold.

Vanquished Creatures
  A dart slug (D:1)
  An endoplasm (D:1)
  4 giant cockroaches (D:1)
  5 goblins (D:1)
  5 jackals (D:1)
  2 ball pythons (D:1)
  3 bats (D:1)
  2 frilled lizards (D:1)
  4 kobolds (D:1)
  4 rats (D:1)
31 creatures vanquished.

Notes
Turn   | Place    | Note
-------+----------+-------------------------------------------
     0 | D:1      | leviel the Human Fighter began the quest for the Orb.
     0 | D:1      | Reached XP level 1. HP: 18/18 MP: 1/1
    35 | D:1      | Found a faded altar of an unknown god.
   160 | D:1      | Reached XP level 2. HP: 24/24 MP: 2/2
   433 | D:1      | Reached XP level 3. HP: 27/29 MP: 3/3
   794 | D:1      | Mangled by a kobold

Illustrated notes

Levels and vault maps discovered:
D:1:      sevenhm_arrival_forest_fort_small_4, layout_basic,
          ebering_ecumenical_altar_abandoned

Action                   || total
-------------------------++-------
Melee: War axe           ||    80
Armor: Scale mail        ||    39
Dodge: Dodged            ||    24
Block: Kite shield       ||    52

Table legend: (Time is in decaauts)
 A = Elapsed time spent in this place.
 B = Non-inter-level travel time spent in this place.
 C = Inter-level travel time spent in this place.
 D = Time resting spent in this place.
 E = Time spent auto-exploring this place.
 F = Levels seen in this place.
 G = Mean time per level.
                   A        B        C        D        E       F      G
               +--------+--------+--------+--------+--------+-----+--------+
         Total |    851 |    851 |      0 |      0 |    655 |   1 |  851.0 |
       Dungeon |    851 |    851 |      0 |      0 |    655 |   1 |  851.0 |
               +--------+--------+--------+--------+--------+-----+--------+

Top non-repeatable levels by time:
     D:1: 851 daAuts
